 Dungeon Crawl Stone Soup version 0.29.1-1-gd02db6906a (webtiles) character file.

Game seed: 7290753696670842601

51 Linkola the Trooper (level 3, -2/33 HPs)
             Began as a Minotaur Fighter on Sept 28, 2022.
             Slain by a goblin
             ... wielding a +0 dagger
             ... led by Robin
              (4 damage)
             ... on level 3 of the Dungeon.
             The game lasted 00:05:30 (1537 turns).

Linkola the Trooper (Minotaur Fighter)              Turns: 1537, Time: 00:05:31

Health: -2/33      AC:  0    Str: 22    XL:     3   Next: 57%
Magic:  2/2        EV: 11    Int:  5    God:
Gold:   76         SH:  6    Dex:  9    Spells: 2/2 levels left

rFire   . . .      SeeInvis .   a - +1 trident
rCold   . . .      Faith    .   i - +2 buckler
rNeg    . . .      Spirit   .   (no body armour)
rPois   .          Reflect  .   (helmet restricted)
rElec   .          Harm     .   (no cloak)
rCorr   .          Rampage  .   (no gloves)
Will    .....                   (no boots)
Stlth   +.........              (no amulet)
HPRegen 0.11/turn               (no ring)
MPRegen 0.08/turn               (no ring)

@: no status effects
A: horns 2, retaliatory headbutt
a: no special abilities


You were on level 3 of the Dungeon.
You visited 1 branch of the dungeon, and saw 3 of its levels.

You collected 76 gold pieces.

Inventory:

Hand Weapons
 a - a +1 trident (weapon)
Missiles
 j - a stone (quivered)
Armour
 b - a +0 scale mail
 i - a +2 buckler (worn)
 k - the +2 ring mail of the Six Mice {rN+ Will+}
   (You found it on level 3 of the Dungeon)

   rN:        It protects you from negative energy.
   Will:      It increases your willpower.
Potions
 d - 2 potions of might
 g - a potion of lignification


   Skills:
 + Level 4.0 Fighting
 + Level 3.1 Polearms
 * Level 1.2 Throwing
 + Level 4.0 Armour
 * Level 1.0 Dodging
 + Level 3.9 Shields


You had 2 spell levels left.
You didn't know any spells.
Your spell library was empty.

Dungeon Overview and Level Annotations

Branches:
Dungeon (3/15)

Altars:

Annotations:
D:3 Robin


Innate Abilities, Weirdness & Mutations

You have a pair of horns on your head.
You reflexively headbutt those who attack you in melee.


Message History

The goblin hits you but does no damage. x3
It was a potion of haste.
You feel yourself speed up.
The goblin no longer looks unusually strong.
The goblin barely misses you. The orc hits you but does no damage.
You block the goblin's attack. The goblin hits you but does no damage.
The goblin hits you with a +0 club.
* * * LOW HITPOINT WARNING * * *
It was a potion of cancellation.
Your magical effects are unravelling.
You feel magically purged.
You feel less wooden.
You feel yourself slow down. The goblin misses you.
The orc wizard casts a spell.
The orc wizard flickers and vanishes!
The orc barely misses you. You block the goblin's attack.
The goblin misses you.
Robin roars a battlecry!
The goblins go into a battle-frenzy!
The goblin barely misses you. You furiously retaliate!
You headbutt the goblin!
You kill the goblin!
Something is attracted toward you.
You feel less attractive to monsters.
You feel better.
The goblin no longer looks unusually strong. x2
You block the goblin's attack. You block something's attack.
You block the orc's attack. The goblin hits you with a +0 dagger.
* * * LOW HITPOINT WARNING * * *
The goblin barely misses you.
You feel better. The goblin hits you with a +0 dagger. Something hits you.
* * * LOW HITPOINT WARNING * * *
The orc barely misses you. The goblin hits you with a +0 dagger.
* * * LOW HITPOINT WARNING * * *
You block the goblin's attack.
You closely miss something. Your headbutt misses something.
The goblin hits you with a +0 dagger.
* * * LOW HITPOINT WARNING * * *
Something hits you.
* * * LOW HITPOINT WARNING * * *
The orc hits you with a +0 club.
* * * LOW HITPOINT WARNING * * *
The goblin hits you with a +0 dagger.
You die...

... .... ......
..... ..# #.#.. #.#
.Kg###.#.......
ggg##.#.......
#ggg#.#....(..
##@#.#.#.......
.###o)g.#.#.......
#.....{..#.#.......
#####....#.#.......
....(...............
####.....#.######...
###...#.## #....
#...#..###....
#...##.##...##


You could see Robin, an orc, a hobgoblin (strong), 6 goblins and a kobold.

Vanquished Creatures
  An adder (D:2)
  A dart slug (D:2)
  6 endoplasms
  2 giant cockroaches (D:1)
  6 goblins
  4 hobgoblins
  2 jackals (D:2)
  3 ball pythons
  3 bats (D:2)
  A frilled lizard (D:1)
  5 kobolds
  A rat (D:2)
35 creatures vanquished.

Notes
Turn   | Place    | Note
-------+----------+-------------------------------------------
     0 | D:1      | Linkola the Minotaur Fighter began the quest for the Orb.
     0 | D:1      | Reached XP level 1. HP: 19/19 MP: 0/0
   440 | D:1      | Reached XP level 2. HP: 23/27 MP: 1/1
   505 | D:1      | Found a faded altar of an unknown god.
   885 | D:2      | Reached XP level 3. HP: 33/33 MP: 2/2
  1145 | D:2      | Reached skill level 1 in Throwing
  1256 | D:2      | Reached skill level 1 in Dodging
  1515 | D:3      | Identified the +2 ring mail of the Six Mice {rN+ Will+}
  1518 | D:3      | Identified the +2 helmet "Koac" {Str+3}
  1518 | D:3      | Noticed Robin
  1537 | D:3      | Slain by a goblin

Illustrated notes

Levels and vault maps discovered:
D:1:      dpeg_arrival_rooms_a, layout_loops_ring,
          shapermc_ecumenical_altar_mp_vishouse
D:2:      layout_loops_ring
D:3:      layout_basic, minmay_misc_feat_rows, roderic_malta_cross,
          minmay_misc_feat_four_crosses, uniq_robin

Skill      XL: |  1  2  3 |
---------------+----------+-----
Fighting       | 4 |  4.0
Throwing       | 1 |  1.2
Polearms       | 3 |  3.1
Dodging        | 1 |  1.0
Armour         | 4 |  4.0
Shields        | |  3.9

Action                   || total
-------------------------++-------
Melee: Trident           ||    77
       Headbutt          ||     3
Throw: Stone             ||    20
       Dart              ||     3
  Use: Potion            ||     7
       Scroll            ||     5
Armor: Scale mail        ||    36
       Skin              ||    21
Dodge: Dodged            ||    42
Block: Buckler           ||    25
